 Dungeon Crawl Stone Soup version 0.27-a0-1277-g3808f8b1c9 (webtiles) character file.

Game seed: 2622050757463517364

1162 Glokmah the Covert (level 8, -4/48 HPs)
             Began as an Octopode Brigand on June 12, 2021.
             Was a Believer of Hepliaklqana.
             Slain by an orc (8 damage)
             ... on level 6 of the Dungeon.
             The game lasted 00:16:52 (7449 turns).

Glokmah the Covert (Octopode Brigand)               Turns: 7449, Time: 00:16:52

Health: -4/48      AC:  1    Str: 11    XL:     8   Next: 39%
Magic:  8/8        EV: 14    Int: 13    God:    Hepliaklqana [**....]
Gold:   276        SH:  0    Dex: 15    Spells: 7/7 levels left

rFire    + . .     SeeInvis .   b - +2 dagger (venom)
rCold    . . .     Faith    .   (no shield)
rNeg     . . .     Spirit   .   (helmet restricted)
rPois    .         Reflect  .   (no amulet)
rElec    .         Harm     .   r - ring of protection from fire
rCorr    .         Rampage  .   (no ring)
Will     .....                  (no ring)
Stlth    +++++.....             (no ring)
HPRegen  0.16/turn              (no ring)
MPRegen  0.11/turn              (no ring)
                                (no ring)
                                (no ring)

@: studying Axes
A: reduced essence, almost no armour, amphibious, 8 rings, camouflage 1,
gelatinous body 1, (nimble swimmer 1), tentacles
a: Renounce Religion, Recall Ancestor, Ancestor Identity


You were on level 6 of the Dungeon.
You worshipped Hepliaklqana.
Hepliaklqana was pleased with you.
You visited 1 branch of the dungeon, and saw 6 of its levels.
You also visited: Sewer.

You collected 276 gold pieces.

Inventory:

Hand Weapons
 a - the +6 trident "Hydraslayer" {pain, Stlth+}
   (You found it on level 6 of the Dungeon)

   In the hands of one skilled in necromantic magic, it inflicts extra damage on
   living creatures.
   It makes you more stealthy.
 b - a +2 dagger of venom (weapon)
 f - a +2 dagger of venom
Missiles
 c - 3 curare-tipped darts
 d - 174 stones
 j - 13 poisoned darts (quivered)
Jewellery
 r - a ring of protection from fire (left tentacle)
Potions
 e - a potion of magic {unknown}
 g - 3 potions of heal wounds {unknown}
 h - 2 potions of flight {unknown}
 i - a potion of curing
 m - a potion of brilliance {unknown}
 n - 2 potions of lignification
 u - a potion of might {unknown}
 w - 2 potions of degeneration


   Skills:
 + Level 4.0 Fighting
 * Level 5.2 Short Blades
 * Level 1.3 Polearms
 * Level 4.3 Throwing
 + Level 3.4 Dodging
 * Level 9.0 Stealth


You had 7 spell levels left.
You didn't know any spells.
Your spell library contained the following spells:

 Spells                   Type           Power      Damage    Failure   Level
 Foxfire                  Conj/Fire      0%         2x1d4     30%         1
 Conjure Flame            Conj/Fire      0%         6-21      67%         3
 Inner Flame              Hex/Fire       0%         N/A       67%         3
 Sticky Flame             Conj/Fire      0%         2d3       97%         4
 Fireball                 Conj/Fire      0%         3d3       100%        5


Dungeon Overview and Level Annotations

Branches:
Dungeon (6/15)             Temple (0/1) D:6           Sewer (visited)

Altars:
Elyvilon
Hepliaklqana
Vehumet

Shops:
D:5 *

Annotations:
D:4 Sigmund
D:6 Dowan, Duvessa


Innate Abilities, Weirdness & Mutations

Your life essence is reduced to manifest your ancestor. (-10% HP)
You cannot wear most types of armour.
You are amphibious.
You can wear up to eight rings at the same time.
Your skin changes colour to match your surroundings (Stealth+).
Your rubbery body absorbs attacks. (AC +1, EV +1)
((You are camouflaged near water. (Stealth+)))
You have tentacles for arms and can constrict up to eight enemies at once.


Message History

You hear a shout!
Found 13 stones, 23 arrows and a dagger.
As you read the scroll of teleportation, it crumbles to dust.
You feel strangely unstable.
Duvessa, Sister of Dowan comes into view.
She is wielding a +0 short sword of protection.
You aren't carrying any scrolls.
You feel better.
Your surroundings suddenly seem different.
The orc throws a silver boomerang.
The silver boomerang barely misses you.
The orc throws a silver boomerang.
The silver boomerang barely misses you. The orc closely misses you.
Things that are here:
a +0 club; a +0 whip; a gnoll corpse Reach: a) +6 trident "Hydraslayer" {pain, Stlth+}
Press: ? - help, Dir - move target, f - orc
Aim: an orc, wielding a +0 halberd, wearing a +0 scale mail and quivering silver boomerangs (about 31% to evade the +6 trident "Hydraslayer")
You reach to attack!
You completely miss the orc. The orc misses you.
Unknown command.
Reach: a) +6 trident "Hydraslayer" {pain, Stlth+}
Press: ? - help, Dir - move target, f/p - orc
Aim: an orc, wielding a +0 halberd, wearing a +0 scale mail and quivering silver boomerangs (about 31% to evade the +6 trident "Hydraslayer")
You reach to attack!
You hit the orc.
The orc is severely wounded.
The orc hits you from afar with a +0 halberd!
* * * LOW HITPOINT WARNING * * *
Unknown command.
Okay, then.
You feel better. The orc barely misses you.
Okay, then.
Your +2 dagger of venom begins to drip with poison!
b - a +2 dagger of venom (weapon)
The orc barely misses you. The orc hits you with a +0 halberd!
* * * LOW HITPOINT WARNING * * *
You see here a +0 club.
You barely miss the orc. Your grab misses the orc.
You squeeze the orc, but do no damage.
The orc is severely wounded.
The orc hits you with a +0 halberd!
You die...

#≈#÷.≈≈##≈#..#....#^..
#≈#######≈#..#....#...
##≈≈≈≈≈≈≈##.#######..#
#########..##...##..#
#......#.......>.
#......#......... ......##.
#.##...##...##[..
).....##...######o#######...###+#
.e....'........)@.+.........##..#
.e....#...........#.......†).+..#
..W...##..##########...##...##..#
......##. #..####'#####+##...
......# .........#........<
......# ......>..'.........
......# ##.###..###...##...
####### # ######...##..#
#.........#


You could see an orc.

Vanquished Creatures
  2 water moccasins
  An ogre (D:4)
  2 centaurs (D:5)
  A kobold brigand (Sewer)
  A water moccasin skeleton (D:5)
  A jelly (D:4)
  2 hounds
  A bullfrog skeleton (D:5)
  A centaur skeleton (D:5)
  An iguana (D:4)
  2 orc wizards (D:5)
  A hound skeleton (D:4)
  Robin (D:1)
  7 gnolls
  7 adders
  4 river rats
  An adder skeleton (D:4)
  A worm (D:4)
  4 dart slugs
  10 orcs
  10 ball pythons
  7 endoplasms
  A giant cockroach (D:3)
  20 goblins
  11 hobgoblins
  10 jackals
  4 quokkas
  9 bats
  A frilled lizard (D:1)
  7 kobolds
  7 rats
138 creatures vanquished.

Vanquished Creatures (collateral kills)
  A bullfrog skeleton (D:5)
  A gnoll (D:6)
  2 jackals (Sewer)
  A kobold (Sewer)
5 creatures vanquished.

Vanquished Creatures (others)
  A kraken (D:1)
  A ghoul (D:1)
  A minotaur (D:1)
  2 octopodes (D:1)
  A vine stalker (D:1)
  A vampire (D:1)
  A spriggan (D:1)
  A human (D:1)
  3 nagas (D:1)
  2 ogres (D:1)
  An ancestor (D:6)
  A hexer (D:6)
  An orc (D:1)
  9 tentacles (D:1)
26 creatures vanquished.

Grand Total: 169 creatures vanquished

Notes
Turn   | Place    | Note
-------+----------+-------------------------------------------
     0 | D:1      | Glokmah the Octopode Brigand began the quest for the Orb.
     0 | D:1      | Reached XP level 1. HP: 14/14 MP: 1/1
     2 | D:1      | Noticed an octopode
     2 | D:1      | Noticed an octopode
     2 | D:1      | Noticed an ogre
     2 | D:1      | Noticed a naga
     2 | D:1      | Noticed a naga
     2 | D:1      | Noticed a human
     2 | D:1      | Noticed a spriggan
     2 | D:1      | Noticed a minotaur
     2 | D:1      | Noticed a kraken
     2 | D:1      | Noticed a vine stalker
     2 | D:1      | Noticed a vampire
     2 | D:1      | Noticed a ghoul
     2 | D:1      | Noticed a naga
     2 | D:1      | Noticed an ogre
     2 | D:1      | Noticed a ghoul
     2 | D:1      | Killed an ogre
     5 | D:1      | Killed an octopode
     5 | D:1      | Killed a naga
     6 | D:1      | Killed a human
     7 | D:1      | Killed a naga
     7 | D:1      | Killed an octopode
     9 | D:1      | Killed a spriggan
    11 | D:1      | Killed a ghoul
    11 | D:1      | Killed a vine stalker
    12 | D:1      | Killed a vampire
    12 | D:1      | Killed a naga
    13 | D:1      | Killed a minotaur
    13 | D:1      | Killed an ogre
    21 | D:1      | Killed a kraken
    74 | D:1      | Reached XP level 2. HP: 17/19 MP: 2/2
   443 | D:1      | Reached XP level 3. HP: 24/24 MP: 3/3
   883 | D:2      | Noticed Robin
  1030 | D:2      | Reached skill level 6 in Stealth
  1342 | D:2      | Reached XP level 4. HP: 22/29 MP: 4/4
  1380 | D:1      | Killed Robin
  2403 | D:3      | Reached XP level 5. HP: 29/35 MP: 5/5
  2861 | D:3      | Found a hazy altar of Hepliaklqana.
  2866 | D:3      | Became a worshipper of Hepliaklqana the Forgotten
  3392 | D:4      | Noticed an ogre
  3395 | D:4      | Killed an ogre
  3396 | D:4      | Reached XP level 6. HP: 41/41 MP: 6/6
  3418 | D:3      | Reached skill level 7 in Stealth
  3818 | D:4      | Found a white marble altar of Elyvilon.
  3820 | D:4      | Found a radiant altar of Vehumet.
  5030 | D:4      | Noticed Sigmund
  5259 | D:5      | Entered Level 5 of the Dungeon
  5264 | D:5      | Reached XP level 7. HP: 44/46 MP: 7/7
  5489 | D:5      | Reached skill level 8 in Stealth
  5607 | D:5      | Found Qaboj's General Store.
  5657 | D:5      | Reached * piety under Hepliaklqana
  6422 | D:5      | Reached XP level 8. HP: 48/48 MP: 8/8
  6968 | D:6      | Identified the +6 trident "Hydraslayer" {pain, Stlth+}
  6990 | D:6      | Reached skill level 5 in Short Blades
  7003 | D:6      | Found a staircase to the Ecumenical Temple.
  7079 | D:6      | Found a glowing drain.
  7083 | Sewer    | Entered a sewer
  7185 | Sewer    | Reached skill level 1 in Polearms
  7185 | Sewer    | Reached skill level 9 in Stealth
  7293 | Sewer    | Reached ** piety under Hepliaklqana
  7294 | Sewer    | Remembered your ancestor Sunngifu as a hexer
  7296 | Sewer    | Found a glowing silver altar of Zin.
  7433 | D:6      | HP: 1/48 [ufetubus (4)]
  7436 | D:6      | Noticed Dowan
  7436 | D:6      | Noticed Duvessa
  7449 | D:6      | Slain by an orc

Illustrated notes

Levels and vault maps discovered:
D:1:      nicolae_arrival_kraken_aquarium_b, layout_rooms
D:2:      layout_basic, lightli_corner_chamber, uniq_robin
D:3:      layout_basic, worldfamousw_hep_ancestral_shrine
D:4:      layout_rooms, nicolae_overflow_hidden_temple, minmay_misc_feat_five,
          st_stairs_9, uniq_sigmund
D:5:      layout_layer_cave, serial_shops, nicolae_shop_trees,
          minmay_manual_mares
D:6:      layout_gridville, minmay_temple_entry_mist, gup_sewer_entry_spiral,
          kennysheep_generic_room_16, uniq_duvessa

Skill      XL: |  1  2  3  4  5  6  7  8 |
---------------+-------------------------+-----
Stealth        | 6 7 8 9 |  9.0
Dodging        | 2 3 |  3.4
Short Blades   | 3 4 5 |  5.2
Throwing       | 3 4 |  4.3
Fighting       | 3 4 |  4.0
Polearms       | 1 |  1.3

Action                   |  1- 3 |  4- 6 |  7- 9 || total
-------------------------+-------+-------+-------++-------
Melee: Dagger            |    84 |   128 |    63 ||   275
       Constrict         |    19 |    32 |    12 ||    63
       Tentacles         |    10 |    24 |    18 ||    52
       Trident           |       |       |    21 ||    21
Throw: Stone             |     1 |     1 |       ||     2
       Dart              |       |    31 |       ||    31
Invok: Ancestor Life: He |       |       |     1 ||     1
  Use: Scroll            |       |       |    13 ||    13
       Potion            |       |       |     5 ||     5
 Stab: Sleeping          |     9 |    18 |    13 ||    40
       Distracted        |       |     1 |     1 ||     2
Armor: Skin              |     7 |     9 |     4 ||    20
Dodge: Dodged            |    46 |    56 |    52 ||   154

Table legend: (Time is in decaauts)
 A = Elapsed time spent in this place.
 B = Non-inter-level travel time spent in this place.
 C = Inter-level travel time spent in this place.
 D = Time resting spent in this place.
 E = Time spent auto-exploring this place.
 F = Levels seen in this place.
 G = Mean time per level.
                   A        B        C        D        E       F      G
               +--------+--------+--------+--------+--------+-----+--------+
         Total |   7397 |   6918 |    479 |   1410 |   4087 |   7 | 1056.7 |
       Dungeon |   7122 |   6643 |    479 |   1318 |   4024 |   6 | 1187.0 |
         Sewer |    275 |    275 |      0 |     92 |     63 |   1 |  275.0 |
               +--------+--------+--------+--------+--------+-----+--------+

Top non-repeatable levels by time:
     D:5: 1621 daAuts
     D:3: 1529 daAuts
     D:4: 1405 daAuts
     D:2: 1194 daAuts
     D:1: 1108 daAuts
   Sewer: 275 daAuts
     D:6: 263 daAuts
